 Dungeon Crawl Stone Soup version 0.29-a0-857-g9b1aa3ac5b (webtiles) character file.

Game seed: 7680303987701074705

25 nxtlvl the Cutter (level 2, -1/18 HPs)
             Began as a Deep Elf Monk on July 17, 2022.
             Frozen to death by an endoplasm (3 damage)
             ... on level 1 of the Dungeon.
             The game lasted 00:02:42 (482 turns).

nxtlvl the Cutter (Deep Elf Monk)                    Turns: 482, Time: 00:02:43

Health: -1/18      AC:  2    Str:  8    XL:     2   Next: 86%
Magic:  4/4        EV: 13    Int: 14    God:
Gold:   91         SH:  0    Dex: 17    Spells: 1/1 levels left

rFire   . . .      SeeInvis .   a - +0 rapier
rCold   . . .      Faith    .   (no shield)
rNeg    . . .      Spirit   .   b - +0 robe
rPois   .          Reflect  .   (no helmet)
rElec   .          Harm     .   (no cloak)
rCorr   .          Rampage  .   (no gloves)
Will    .....                   (no boots)
Stlth   ++........              (no amulet)
HPRegen 0.06/turn               (no ring)
MPRegen 0.09/turn               (no ring)

@: no status effects
A: no striking features
a: no special abilities


You were on level 1 of the Dungeon.
You visited 1 branch of the dungeon, and saw 2 of its levels.

You collected 91 gold pieces.

Inventory:

Hand Weapons
 a - a +0 rapier (weapon)
Missiles
 g - 18 stones (quivered)
Armour
 b - a +0 robe (worn)
Scrolls
 d - a scroll of fear {unknown}
 e - a scroll of identify {unknown}
Potions
 c - a potion of ambrosia
 f - a potion of lignification {unknown}
 h - a potion of degeneration {unknown}
 i - a potion of flight {unknown}


   Skills:
 - Level 2.4 Fighting
 * Level 4.1 Short Blades
 - Level 3.6 Dodging
 - Level 2.4 Stealth


You had one spell level left.
You didn't know any spells.
Your spell library was empty.

Dungeon Overview and Level Annotations

Branches:
Dungeon (2/15)

Altars:


Message History

The bat hits you but does no damage.
You hit the bat.
The bat is moderately wounded.
The bat closely misses you. The bat barely misses you. x2
You closely miss the bat.
The bat is moderately wounded.
The bat barely misses you.
You hit the bat.
You kill the bat!
Found 18 gold pieces.
A dart slug comes into view.
A goblin comes into view. It is wielding a +0 dagger.
Found a scroll of immolation.
Found a faded altar of an unknown god.
An endoplasm comes into view.
Found a whip.
The rat completely misses you. The rat barely misses you.
Found 9 stones.
The helpless dart slug fails to defend itself.
You puncture the dart slug!
You kill the dart slug!
The rat barely misses you.
You hit the rat.
The rat is severely wounded.
The rat bites you.
You closely miss the rat.
The rat is severely wounded.
The rat bites you but does no damage.
You hit the rat.
You kill the rat!
You hit the endoplasm but do no damage. The endoplasm hits you.
You hit the endoplasm but do no damage. The endoplasm freezes you.
You are frozen.
* * * LOW HITPOINT WARNING * * *
You hit the endoplasm but do no damage. The endoplasm freezes you.
You are frozen.
You die...

.. .#+(.# .. #..... ....
#. #..... ......# . #...
.#...#..#.. #
#......#........ ..
#....#)._........ ..
#.....#.J#..#... ..
#..#..#@#..$..... ..
#......#...#..S...... ..
#..###......).........P.
.#.#......##...>.......
#..g....................
#########..............♣
#.............♣.
#.........#.#...
#...............


You could see an endoplasm.

Vanquished Creatures
  A dart slug (D:1)
  4 bats
  3 endoplasms
  2 goblins (D:1)
  2 hobgoblins (D:1)
  A quokka (D:1)
  4 ball pythons (D:1)
  2 kobolds (D:1)
  4 rats (D:1)
23 creatures vanquished.

Notes
Turn   | Place    | Note
-------+----------+-------------------------------------------
     0 | D:1      | nxtlvl the Deep Elf Monk began the quest for the Orb.
     0 | D:1      | Reached XP level 1. HP: 13/13 MP: 3/3
   232 | D:1      | Reached XP level 2. HP: 12/18 MP: 4/4
   359 | D:1      | Reached skill level 4 in Short Blades
   468 | D:1      | Found a faded altar of an unknown god.
   482 | D:1      | Frozen to death by an endoplasm

Illustrated notes

Levels and vault maps discovered:
D:1:      wander_arrival_fairy_ring, layout_rooms,
          hellmonk_ecumenical_altar_blasted, minmay_misc_feat_more_columns
D:2:      layout_loops_ring, basic_altar, uniq_crazy_yiuf_cottage, uniq_sigmund

Skill      XL: |  1  2 |
---------------+-------+-----
Short Blades   | 4 |  4.1
Fighting       | |  2.4
Dodging        | |  3.6
Stealth        | |  2.4

Action                   || total
-------------------------++-------
Melee: Short sword       ||    69
       Punch             ||     1
       Rapier            ||    11
 Stab: Sleeping          ||     2
Armor: Robe              ||    21
Dodge: Dodged            ||    58

Table legend: (Time is in decaauts)
 A = Elapsed time spent in this place.
 B = Non-inter-level travel time spent in this place.
 C = Inter-level travel time spent in this place.
 D = Time resting spent in this place.
 E = Time spent auto-exploring this place.
 F = Levels seen in this place.
 G = Mean time per level.
                   A        B        C        D        E       F      G
               +--------+--------+--------+--------+--------+-----+--------+
         Total |    476 |    476 |      0 |      0 |     53 |   2 |  238.0 |
       Dungeon |    476 |    476 |      0 |      0 |     53 |   2 |  238.0 |
               +--------+--------+--------+--------+--------+-----+--------+

Top non-repeatable levels by time:
     D:1: 432 daAuts
     D:2: 44 daAuts
